 Dungeon Crawl Stone Soup version 0.32-a0-41-gec2d92a32c (webtiles) character file.

Game seed: 12066727603019268657

60 whatisthis the Cutter (level 4, -5/38 HPs)
             Began as a Gnoll Reaver on Jan 25, 2024.
             Slain by an orc
             ... wielding a +0 falchion
              (7 damage)
             ... on level 4 of the Dungeon.
             The game lasted 00:06:08 (2256 turns).

whatisthis the Cutter (Gnoll Reaver)                Turns: 2256, Time: 00:06:09

Health: -5/38      AC:  7    Str: 11    XL:     4   Next: 4%
Magic:  11/11      EV:  9    Int: 13    God:
Gold:   144        SH:  0    Dex: 12    Spells: 12/13 levels left

rFire   . . .        a - +1 short sword
rCold   . . .        (no shield)
rNeg    . . .        q - +0 scale mail
rPois   .            b - +0 helmet
rElec   .            (no cloak)
rCorr   .            (no gloves)
SInv    .            (no boots)
Will    .....        (no amulet) Stlth
                     (no ring)
HPRegen 0.26/turn    (no ring)
MPRegen 0.12/turn

%: no passive effects
@: lethally poisoned (-5 -> -17), attractive
A: fangs 1, strong nose, distributed training
a: no special abilities


You were on level 4 of the Dungeon.
You visited 1 branch of the dungeon, and saw 4 of its levels.

You collected 144 gold pieces.

Inventory:

Hand Weapons
 a - a +1 short sword (weapon)
Missiles
 d - 10 boomerangs
 i - 8 poisoned darts
 m - 5 datura-tipped darts
Armour
 b - a +0 helmet (worn)
 q - a +0 scale mail (worn)
Jewellery
 f - a ring of ice
Wands
 j - a wand of mindburst (18)
Scrolls
 c - a scroll of identify
 p - a scroll of brand weapon {unknown}
Potions
 e - 2 potions of enlightenment
 g - a potion of mutation


   Skills:
 + Level 4.6 Fighting
 + Level 6.6 Short Blades
 + Level 1.0 Long Blades
 + Level 1.0 Axes
 + Level 1.0 Maces & Flails
 + Level 1.0 Polearms
 + Level 1.0 Staves
 + Level 1.0 Ranged Weapons
 + Level 1.0 Throwing
 + Level 1.0 Armour
 + Level 4.6 Dodging
 + Level 1.0 Stealth
 + Level 1.0 Shields
 + Level 1.0 Unarmed Combat
 + Level 5.0 Spellcasting
 + Level 5.4 Conjurations
 + Level 0.8 Hexes
 + Level 0.8 Summonings
 + Level 0.8 Necromancy
 + Level 0.8 Translocations
 + Level 0.8 Fire Magic
 + Level 0.8 Ice Magic
 + Level 0.8 Air Magic
 + Level 0.8 Earth Magic
 + Level 0.8 Alchemy
 + Level 1.1 Invocations
 + Level 1.0 Evocations
 + Level 1.0 Shapeshifting


You had 12 spell levels left.
You knew the following spells:

 Your Spells              Type           Power      Damage    Failure   Level
a - Kiss of Death         Conj/Necr      44%        2d8       32%         1

Your spell library contained the following spells:

 Spells                   Type           Power      Damage    Failure   Level
 Momentum Strike          Conj/Tloc      22%        3d8       43%         2
 Hailstorm                Conj/Ice       11%        3d6       67%         3
 Blink                    Tloc           10%        N/A       77%         2
 Lesser Beckoning         Tloc           10%        N/A       77%         2
 Volatile Blastmotes      Fire/Tloc      10%        2d10      94%         3
 Fulminant Prism          Conj/Alch      5%         3d7       97%         4
 Iskenderun's Mystic Bla  Conj/Tloc      11%        2d4       97%         4


Dungeon Overview and Level Annotations

Branches:
Dungeon (4/15)
 Temple: D:4-7

Altars:
Fedhas
Kikubaaqudgha
Makhleb
Ru
Xom
Zin


Innate Abilities, Weirdness & Mutations

You have very sharp teeth.
Your uncanny sense of smell can sniff out nearby items.
Your experience applies equally to all skills.


Message History

You feel very sick. The orc hits you but does no damage.
You feel better. The orc hits you but does no damage.
You are poisoned.
You feel very sick. The orc attacks as it pursues you!
The orc hits you but does no damage.
You are lethally poisoned!
* * * LOW HITPOINT WARNING * * *
You feel very sick.
* * * LOW HITPOINT WARNING * * *
You feel very sick. The orc attacks as it pursues you!
The orc closely misses you.
* * * LOW HITPOINT WARNING * * *
You feel very sick.
* * * LOW HITPOINT WARNING * * *
You feel sick. The orc hits you but does no damage.
It was a potion of attraction.
You feel attractive to monsters.
* * * LOW HITPOINT WARNING * * *
You feel sick. The orc hits you but does no damage.
The ogre is attracted toward you.
It was a potion of heal wounds.
You feel much better.
You feel sick. The orc hits you with a +0 falchion.
* * * LOW HITPOINT WARNING * * *
The orc hits you with a +0 mace.
* * * LOW HITPOINT WARNING * * *
The orc hits you but does no damage.
Okay, then.
As you read the scroll labelled BIEHUZX CIARGH, it crumbles to dust.
It is a scroll of enchant weapon.
Your +0 short sword glows red for a moment.
You feel sick. The orc hits you but does no damage. x3
You are lethally poisoned!
As you read the scroll labelled WOERESTR KEMM, it crumbles to dust.
The creatures around you are filled with an inner flame!
It was a scroll of immolation.
* * * LOW HITPOINT WARNING * * *
You feel very sick. The orc hits you with a +0 falchion!
You die...

.....'...+...#....#
.....#...#...+....#
.....#...##..#....#
.....#'####..#....# ..
.....#....'..+....#######.#
.....#.####..#.............
.....#.#_'...#...........#
.....######..###'#.......##
........ #....o@#.........
........ #....oo#.........
........ #.....O##'#####..
.####).. #.............+ .#
... #.............# .+ ..
#####.........# ##
#..##)....# .# .
#..##.....# .#
..#####.....#


You could see an ogre (inner flame) and 3 orcs.

Vanquished Creatures
  A dart slug (D:1)
  2 ribbon worms
  An orc (D:4)
  2 endoplasms (D:1)
  4 giant cockroaches
  3 goblins
  6 hobgoblins
  4 jackals (D:2)
  5 ball pythons
  9 bats
  3 frilled lizards
  4 kobolds
  3 rats
47 creatures vanquished.

Notes
Turn   | Place    | Note
-------+----------+-------------------------------------------
     0 | D:1      | whatisthis the Gnoll Reaver began the quest for the Orb.
     0 | D:1      | Reached XP level 1. HP: 20/20 MP: 6/6
    79 | D:1      | Reached XP level 2. HP: 17/26 MP: 7/7
   577 | D:1      | Reached skill level 5 in Spellcasting
   577 | D:1      | Reached XP level 3. HP: 30/31 MP: 7/9
   948 | D:2      | Reached skill level 1 in Invocations
  1219 | D:2      | Reached skill level 1 in Long Blades
  1219 | D:2      | Reached skill level 1 in Axes
  1219 | D:2      | Reached skill level 1 in Maces & Flails
  1219 | D:2      | Reached skill level 1 in Polearms
  1219 | D:2      | Reached skill level 1 in Staves
  1219 | D:2      | Reached skill level 1 in Ranged Weapons
  1219 | D:2      | Reached skill level 1 in Throwing
  1219 | D:2      | Reached skill level 1 in Armour
  1219 | D:2      | Reached skill level 1 in Stealth
  1219 | D:2      | Reached skill level 1 in Shields
  1219 | D:2      | Reached skill level 1 in Unarmed Combat
  1219 | D:2      | Reached skill level 1 in Evocations
  1599 | D:3      | Found a glowing silver altar of Zin.
  1599 | D:3      | Found a blossoming altar of Fedhas.
  1946 | D:3      | Found a burning altar of Makhleb.
  1947 | D:3      | Found a shimmering altar of Xom.
  2141 | D:4      | Found a sacrificial altar of Ru.
  2193 | D:4      | Reached skill level 1 in Shapeshifting
  2193 | D:4      | Reached XP level 4. HP: 38/38 MP: 11/11
  2201 | D:4      | Found an ancient bone altar of Kikubaaqudgha.
  2232 | D:4      | Noticed an ogre
  2256 | D:4      | Slain by an orc

Illustrated notes

Levels and vault maps discovered:
D:1:      evilmike_arrival_fibonacci_small, layout_rooms
D:2:      layout_basic
D:3:      layout_loops_corners, grunt_temple_overflow_champion_of_chaos,
          mainiacjoe_overflow_24_doors, gammafunk_temple_overflow_wave
D:4:      layout_gridville, nicolae_ru_sacrificial_ziggurat, kennysheep_mini

Skill      XL: |  1  2  3 |
---------------+----------+-----
Spellcasting   | 5 |  5.0
Invocations    | 1 |  1.1
Long Blades    | 1 |  1.0
Axes           | 1 |  1.0
Maces & Flails | 1 |  1.0
Polearms       | 1 |  1.0
Staves         | 1 |  1.0
Ranged Weapons | 1 |  1.0
Throwing       | 1 |  1.0
Armour         | 1 |  1.0
Stealth        | 1 |  1.0
Shields        | 1 |  1.0
Unarmed Combat | 1 |  1.0
Evocations     | 1 |  1.0
Shapeshifting  | 1 |  1.0
Fighting       | |  4.6
Short Blades   | |  6.6
Dodging        | |  4.6
Conjurations   | |  5.4
Hexes          | |  0.8
Summonings     | |  0.8
Necromancy     | |  0.8
Translocations | |  0.8
Fire Magic     | |  0.8
Ice Magic      | |  0.8
Air Magic      | |  0.8
Earth Magic    | |  0.8
Alchemy        | |  0.8

Action                     |  1- 3 |  4- 6 || total
---------------------------+-------+-------++-------
  Melee: Short sword       |   235 |     7 ||   242
         Bite              |    22 |     1 ||    23
         Punch             |     2 |       ||     2
    Use: Scroll            |     3 |     2 ||     5
         Potion            |       |     3 ||     3
 Armour: Leather armour    |    44 |       ||    44
         Ring mail         |    56 |       ||    56
         Scale mail        |     8 |    18 ||    26
  Dodge: Dodged            |   134 |     4 ||   138

Table legend: (Time is in decaauts)
 A = Elapsed time spent in this place.
 B = Non-inter-level travel time spent in this place.
 C = Inter-level travel time spent in this place.
 D = Time resting spent in this place.
 E = Time spent auto-exploring this place.
 F = Levels seen in this place.
 G = Mean time per level.
                   A        B        C        D        E       F      G
               +--------+--------+--------+--------+--------+-----+--------+
         Total |   2177 |   2089 |     88 |    133 |   1325 |   4 |  544.2 |
       Dungeon |   2177 |   2089 |     88 |    133 |   1325 |   4 |  544.2 |
               +--------+--------+--------+--------+--------+-----+--------+

Top non-repeatable levels by time:
     D:2: 825 daAuts
     D:1: 557 daAuts
     D:3: 531 daAuts
     D:4: 262 daAuts
